[Event "Late-Titled-Tuesday-Blitz-September-12-2023"]
[Site "Chess.com"]
[Date "2023.09.12"]
[Round "8"]
[White "rookoco"]
[Black "GMBenjaminBok"]
[Result "0-1"]
[WhiteElo "2712"]
[BlackElo "3010"]
[TimeControl "180+1"]
[EndTime "15:23:55 PDT"]
[Termination "GMBenjaminBok won by resignation"]

1. e4 c5 2. Nf3 d6 3. d4 cxd4 4. Nxd4 Nf6 5. Nc3 a6 6. Bd3 g6 7. f4 Bg7 8. Nf3 O-O 9. O-O b5 10. Qe1 Bb7 11. a3 Nbd7 12. Qh4 e6 13. f5 exf5 14.
exf5 Ne5 15. Nxe5 dxe5 16. Be3 Nd5 17. Qxd8 Rfxd8 18. Nxd5 Bxd5 19. f6 Bf8 20. a4 e4 21.
Be2 Rac8 22. axb5 axb5 23. c3 b4 24. Ba6 Ra8 25. c4 Rxa6 26. cxd5 Rad6 27. Bc5 Rxd5 28. Be7 Bxe7 29. fxe7 Re8 30. Ra7 Re5 31. Rb7 R8xe7 32.
Rxb4 Kg7 33. g3 f5 34. Rd4 Rb5 35. b4 Reb7 36. Rb1 Kf6 37. Kf2 Ke5 38. Rc4 Kd5 39.
Rbc1 Rxb4 40. Rc5+ Ke6 41. Rc6+ Kf7 42. Ke3 Kg7 43.
Kf4 Rb1 44. Kg5 Rxc1 45. Rxc1 h6+ 46. Kf4 Rb6 47. h4 Kf6 48. Rc8 g5+ 49. hxg5+ hxg5+ 50. Ke3 Rb3+ 51. Kd4 Rd3+ 52. Kc4 Rxg3 0-1

[Event "Late-Titled-Tuesday-Blitz-September-12-2023"]
[Site "Chess.com"]
[Date "2023.09.12"]
[Round "8"]
[White "Cambek64"]
[Black "IMRosen"]
[Result "0-1"]
[WhiteElo "2485"]
[BlackElo "2610"]
[TimeControl "180+1"]
[EndTime "15:23:55 PDT"]
[Termination "IMRosen won by resignation"]

1. d4 d5 2. c4 e6 3. Nc3 Nf6 4. cxd5 exd5 5. Bg5 c6 6. Qc2 Bd6 7. e3 O-O 8. Bd3 h6 9. Bh4 Re8 10. Nge2 a5 11. Bg3 Bxg3 12. Nxg3 Na6 13. a3 Nc7 14. O-O h5 15. h3 h4 16. Nge2 Ne6 17. Kh1 Nh5 18. Rae1 Ng5 19. f4 Nxh3 20. gxh3 Rxe3 21. Ng1 Ng3+ 22. Kh2 Nxf1+ 23. Rxf1 Qf6 24. Qd2 Re8 25. Nf3 b5 26. Ne5 b4 27. Ne2 c5 28. dxc5 Rxe5 29.
fxe5 Qxf1 30. Qf4 Qxh3+ 31. Kg1 Qxd3 32. Nd4 Qb1+ 33. Kg2 Qxb2+ 34. Kg1 Qa1+ 35. Kh2 Qa2+ 36. Kg1 Qb1+ 37. Kf2 bxa3 38. Qxh4 Be6 39. Nc6 Qc2+ 40. Kg3 Qd3+ 41. Kf2 Qd2+ 42. Kg1 Qe3+ 43. Kg2 Qe2+ 44. Kg1 Qg4+ 45. Qxg4 Bxg4 46. Ne7+ Kh7 47. Nxd5 a2 0-1

[Event "Late-Titled-Tuesday-Blitz-September-12-2023"]
[Site "Chess.com"]
[Date "2023.09.12"]
[Round "8"]
[White "kai_nov"]
[Black "Bala-Afiada"]
[Result "1-0"]
[WhiteElo "2242"]
[BlackElo "1963"]
[TimeControl "180+1"]
[EndTime "15:23:55 PDT"]
[Termination "kai_nov won by resignation"]

1. d4 d5 2. c4 c6 3. Nf3 e6 4. e3 Nf6 5. Nbd2 Bd6 6. Bd3 O-O 7. O-O dxc4 8. Nxc4 b5 9. Nxd6 Qxd6 10. a4 Bd7 11.
e4 Qe7 12. Bg5 h6 13. Bh4 g5 14. Nxg5 hxg5 15. Bxg5 e5 16. f4 Qe6 17. Bxf6 Qxf6 18.
fxe5 Qg6 19. Rf6 Qg4 20. Qd2 Be6 21. Rf3 Qh5 22. Qf4 Kh8 23. Qf6+ Kh7 24. Raf1 Nd7 25.
Qe7 Rae8 26. Qd6 Rg8 27. axb5 Rg7 28. bxc6 Reg8 29. g3 Rxg3+ 30. hxg3 Qh3 31. Kf2 Qh2+ 32. Ke1 Qxb2 33. cxd7 Qc1+ 34. Kf2 Qd2+ 35. Kg1 Qh6 36. d8=Q Rxd8 37. Qxd8 Qg7 38. Qh4+ Kg8 39. d5 Bd7 40. e6 Be8 41. exf7+ Bxf7 42. Rxf7 Qxf7 43. Rxf7 Kxf7 44. e5 1-0

[Event "Late-Titled-Tuesday-Blitz-September-12-2023"]
[Site "Chess.com"]
[Date "2023.09.12"]
[Round "8"]
[White "ChristopherYoo"]
[Black "Hikaru"]
[Result "1/2-1/2"]
[WhiteElo "3020"]
[BlackElo "3207"]
[TimeControl "180+1"]
[EndTime "15:23:56 PDT"]
[Termination "Game drawn - insufficient material"]

1. d4 a6 2. g3 d5 3. Bg2 e6 4. Nf3 c5 5. c4 dxc4 6. O-O Nc6 7. dxc5 Qxd1 8. Rxd1 Nf6 9. Nfd2 Ne5 10. Na3 c3 11.
bxc3 Bxc5 12. Nac4 Nxc4 13. Nxc4 Ra7 14. Bf4 b5 15.
Nd6+ Ke7 16. a4 bxa4 17. Rxa4 Rd8 18. Nxc8+ Rxc8 19. Rda1 h6 20. h3 g5 21. Bd2 Rd8 22.
Be1 Rd6 23. Ra5 Bb6 24. R5a4 Nd7 25. Kf1 Nc5 26. R4a3 Rad7 27. c4 Rd1 28. e3 Rxa1 29.
Rxa1 Kf6 30. Ke2 Kg6 31. Rb1 Bd8 32. Bb4 Be7 33. Bc3 Na4 34. Bd4 Rxd4 35. exd4 Nc3+ 36.
Ke3 Nxb1 37. Be4+ f5 38. Bxb1 a5 39. Bc2 Kf6 40. c5 Bd8 41. Kd3 Bc7 42. Kc4 h5 43. d5 exd5+ 44. Kxd5 g4 45. hxg4 hxg4 46. Kc6 Be5 47.
Kd7 f4 48. gxf4 Bxf4 49. c6 g3 50. fxg3 Bxg3 51. c7 Bxc7 52. Kxc7 a4 53. Bxa4 1/2-1/2

[Event "Late-Titled-Tuesday-Blitz-September-12-2023"]
[Site "Chess.com"]
[Date "2023.09.12"]
[Round "8"]
[White "azikom"]
[Black "Perecke"]
[Result "0-1"]
[WhiteElo "2644"]
[BlackElo "2517"]
[TimeControl "180+1"]
[EndTime "15:23:56 PDT"]
[Termination "Perecke won by resignation"]

1. e4 c5 2. Nc3 Nc6 3. g3 g6 4. Bg2 Bg7 5. d3 e6 6. h4 h5 7.
Nh3 Nge7 8. Be3 b6 9. Ng5 d5 10. Bd2 d4 11. Ne2 e5 12. f4 Bg4 13. Bh3 Qd7 14. Bg2 f6 15. Nf3 O-O-O 16. O-O f5 17. Qe1 fxe4 18. dxe4 d3 19. cxd3 Qxd3 20. Bc3 Nd4 21.
Nexd4 exd4 22. Bd2 Rhe8 23. Ng5 Nf5 24. Kh2 Ne3 25.
Bxe3 dxe3 26. e5 e2 27. Rg1 Qe3 28. Nf7 Rd1 29. Rxd1 Qxg1+ 30. Qxg1 exd1=Q 31. Qe3 Re7 32. Qb3 Be6 33. Nd6+ Qxd6 34. exd6 Bxb3 35. dxe7 Ba4 36. Be4 Be8 37. f5 gxf5 38. Bxf5+ Kc7 39. b3 Kd6 40. g4 hxg4 41. Bxg4 Kxe7 42. Kg3 Bf7 43. Kf4 c4 44. bxc4 Bxc4 45. a4 Bd5 46. Kg5 Bf6+ 47. Kh5 Bf7+ 0-1

[Event "Late-Titled-Tuesday-Blitz-September-12-2023"]
[Site "Chess.com"]
[Date "2023.09.12"]
[Round "8"]
[White "Jaka_Brilej"]
[Black "GianmarcoVaR"]
[Result "0-1"]
[WhiteElo "2449"]
[BlackElo "2636"]
[TimeControl "180+1"]
[EndTime "15:23:56 PDT"]
[Termination "GianmarcoVaR won by resignation"]

1. d4 Nf6 2. Bg5 d5 3. Bxf6 gxf6 4. e3 c5 5. dxc5 e6 6. Nf3 Bxc5 7. Be2 Nc6 8. O-O e5 9. Nc3 Be6 10. Nh4 f5 11. g3 h5 12. a3 Be7 13. Ng2 h4 14.
Bf3 h3 15. Ne1 e4 16. Be2 Bf6 17. Qd2 Qd7 18. Rd1 Rd8 19. Nb5 a6 20. Nd4 Nxd4 21.
exd4 Qe7 22. f4 Bd7 23. c3 Ba4 24. Rc1 Rg8 25. Kh1 Qd6 26. Bd1 Bb5 27. Be2 Ba4 28. Bd1 Bc6 29. Nc2 a5 30. Ne3 Bd7 31. Be2 Be6 32.
Rfd1 Kf8 33. Rc2 Rh8 34. Rdc1 Rc8 35. a4 Kg7 36. b3 Kg6 37. Rd1 Rc7 38. Rg1 Kg7 39.
Rgc1 Rhc8 40. c4 dxc4 41. d5 cxb3 42. Rxc7 Rxc7 43. Rxc7 Qxc7 44. dxe6 b2 45. Qd1 Qc1 46. exf7 Qxd1+ 47. Nxd1 b1=Q 0-1

[Event "Late-Titled-Tuesday-Blitz-September-12-2023"]
[Site "Chess.com"]
[Date "2023.09.12"]
[Round "8"]
[White "Iball95"]
[Black "bazar-wokzal"]
[Result "0-1"]
[WhiteElo "2782"]
[BlackElo "2599"]
[TimeControl "180+1"]
[EndTime "15:23:57 PDT"]
[Termination "bazar-wokzal won by checkmate"]

1. e4 Nc6 2. Nc3 Nf6 3. Nf3 d5 4. exd5 Nxd5 5. Bc4 Be6 6. Bb3 Nxc3 7. bxc3 Bd5 8. O-O e6 9. Bb2 Be7 10. c4 Bxf3 11.
Qxf3 Bf6 12. c3 Qxd2 13. Ba3 Qxc3 14. Qg4 O-O-O 15. Rab1 h5 16. Qe4 Rd4 17. Qe2 Rd2 18.
Qe4 Qe5 19. Qf3 Nd4 20. Qh3 Qf5 21. Qe3 Bg5 22. f4 Rd3 23. Qf2 Qxf4 24. Qb2 Qe3+ 25. Kh1 Rd2 26. Qc1 Qe4 27. Rg1 Rxg2 28. Rxg2 Bxc1 29.
Rxc1 h4 30. h3 Ne2 31. Rc2 Nf4 32. c5 Nxg2 33. Rxg2 Rd8 34. Bc1 Qf3 35. Kh2 Rd3 36. Bg5 Qxh3+ 37. Kg1 Rg3 38. Rxg3 hxg3 39. Be3 Qh2+ 40.
Kf1 g2+ 41. Ke1 g1=Q+ 42. Bxg1 Qxg1+ 43. Kd2 Qxc5 44. a4 Qb4+ 45. Kc2 c5 46. a5 c4 47. Ba2 Qa4+ 48. Kb2 c3+ 49. Kxc3 Qxa2 50. a6 Qxa6 51. Kd4 Qd6+ 52. Ke4 Qd5+ 53. Kf4 a5 54. Kg4 a4 55.
Kh4 a3 56. Kg3 a2 57. Kf2 a1=Q 58. Ke3 Qc3+ 59. Kf2 Qdd2+ 60. Kf1 Qcc1# 0-1

[Event "Late-Titled-Tuesday-Blitz-September-12-2023"]
[Site "Chess.com"]
[Date "2023.09.12"]
[Round "8"]
[White "RCone"]
[Black "infinitegiantkiller"]
[Result "0-1"]
[WhiteElo "2329"]
[BlackElo "2459"]
[TimeControl "180+1"]
[EndTime "15:23:57 PDT"]
[Termination "infinitegiantkiller won on time"]

1. e4 c5 2. Nc3 Nc6 3. Bb5 g6 4. Bxc6 bxc6 5. d3 Bg7 6. f4 d6 7.
h3 Nf6 8. Nf3 O-O 9. O-O a5 10. Qe1 a4 11. a3 Ba6 12. f5 Rb8 13.
Qh4 e6 14. Bh6 Nh5 15. Bg5 Bf6 16. g4 Bxg5 17. Nxg5 h6 18. gxh5 Qxg5+ 19. Qxg5 hxg5 20. hxg6 fxg6 21. fxe6 Rxb2 22. e7 Re8 23. Rf2 Rxe7 24. Nxa4 Rb8 25. Rf6 Kg7 26. Rxd6 c4 27. Nc5 Bb5 28. d4 c3 29. a4 Bc4 30. a5 Ra7 31. Rxc6 Rb5 32. a6 Rb2 33. Rc1 Ra2 34. d5 Bxa6 35.
Ne6+ Kh6 36. Rxc3 Rf7 37. Rd1 Ra4 38. Nc7 Bc8 39. Re3 g4 40. d6 gxh3 41. e5 Rg4+ 42. Kh2 Rg2+ 43. Kh1 Bb7 44. Nd5 Bxd5 45. d7 Rd2+ 46. Kg1 Rxd1+ 47. Kh2 Be6 0-1

[Event "Late-Titled-Tuesday-Blitz-September-12-2023"]
[Site "Chess.com"]
[Date "2023.09.12"]
[Round "8"]
[White "xozr"]
[Black "Rinqed222"]
[Result "1-0"]
[WhiteElo "2361"]
[BlackElo "2228"]
[TimeControl "180+1"]
[EndTime "15:23:58 PDT"]
[Termination "xozr won by resignation"]

1. e4 e6 2. d4 d5 3. Nc3 Nf6 4. e5 Nfd7 5. Nf3 c5 6. dxc5 Nc6 7. Bf4 Bxc5 8. Bd3 f6 9. exf6 Nxf6 10. O-O O-O 11. Bg3 Nh5 12. Bh4 Qc7 13. Bxh7+ Kxh7 14. Ng5+ Kh6 15. Qd3 g6 16. Rae1 Ne5 17. Qh3 Nf4 18. Qg3 Kg7 19. Ne2 Nxe2+ 20. Rxe2 Bd6 21. Qh3 Rh8 22.
f4 Nf7 23. Nxe6+ Bxe6 24. Rxe6 Rae8 25. Bf6+ Kf8 26. Bxh8 Rxe6 27. Qxe6 Nxh8 28. Qxd5 Qc5+ 29. Qxc5 Bxc5+ 30. Kh1 Nf7 31. f5 g5 32. g4 Nd6 33.
h3 Ne4 34. Kg2 Ke7 35. Rd1 Kf6 36. Rd8 a6 37. Re8 Nd6 38. Re6+ Kf7 39. Rg6 Be3 40. c3 Nc4 41. b3 Nd2 42. Re6 Bf4 43. Rb6 Nb1 44. Rxb7+ Kf6 45. Rb6+ Ke5 46. Re6+ Kd5 47.
c4+ Kc5 48. Rxa6 Nc3 49. f6 Ne4 50. f7 Bd6 51. Rxd6 1-0

[Event "Late-Titled-Tuesday-Blitz-September-12-2023"]
[Site "Chess.com"]
[Date "2023.09.12"]
[Round "8"]
[White "GlavkonVVS"]
[Black "Jahonas"]
[Result "1-0"]
[WhiteElo "2583"]
[BlackElo "2438"]
[TimeControl "180+1"]
[EndTime "15:23:59 PDT"]
[Termination "GlavkonVVS won on time"]

1. c4 Nf6 2. Nc3 e6 3. g3 d5 4. Bg2 Be7 5. Nf3 O-O 6. O-O b6 7. cxd5 exd5 8. d4 Bb7 9. Ne5 h6 10. Qb3 Nc6 11. Rd1 Na5 12. Qc2 Rc8 13. a3 c5 14. dxc5 bxc5 15. e4 d4 16. Ne2 Qb6 17. Bd2 Nb3 18. Rab1 Ba6 19. Nf4 c4 20. Nd5 Nxd5 21.
exd5 Qd6 22. Nc6 Rxc6 23. dxc6 Nxd2 24. Rxd2 Bf6 25. Qa4 Bc8 26. Qxc4 Be6 27. Qd3 Rc8 28. Rc1 g6 29. b4 Kg7 30. Be4 Qe5 31. f4 Qd6 32. b5 Bd8 33. Qxd4+ Qxd4+ 34. Rxd4 Bb6 35. Rd1 Rd8 36. Kg2 Rxd4 37. Rxd4 Bxd4 38. c7 Bb6 39.
Kf3 Bxc7 40. a4 Bb6 41. Bc2 f5 42. Ke2 Bc4+ 43. Kd2 Bd4 44. h3 Kf6 45. g4 fxg4 46. hxg4 g5 47. fxg5+ hxg5 48. Bd3 Bb3 49. a5 Ke5 50.
Be2 Kd6 51. Bf3 Kc5 52. b6 axb6 53. a6 Kb4 54. a7 Bc3+ 55. Kc1 1-0

[Event "Late-Titled-Tuesday-Blitz-September-12-2023"]
[Site "Chess.com"]
[Date "2023.09.12"]
[Round "8"]
[White "HrvojeZagreb"]
[Black "cthulhuuu"]
[Result "1-0"]
[WhiteElo "2289"]
[BlackElo "2455"]
[TimeControl "180+1"]
[EndTime "15:23:59 PDT"]
[Termination "HrvojeZagreb won on time"]

1. f4 d5 2. b3 Nf6 3. Bb2 d4 4. Nf3 c5 5. a4 Nc6 6. Na3 Bf5 7. g3 h5 8. Bg2 e6 9. Nc4 Be7 10. e3 Ne4 11. exd4 cxd4 12. d3 Bb4+ 13. Kf1 Nc3 14.
Bxc3 Bxc3 15. Rb1 f6 16. Nh4 Bg4 17. Bf3 g5 18. Bxg4 hxg4 19. Ng2 f5 20. Qe2 Qd5 21. Kg1 O-O-O 22. fxg5 e5 23. Rf1 Rdf8 24. Nh4 Qe6 25.
h3 Rfg8 26. Rxf5 Rxh4 27. hxg4 Rxh1+ 28. Kxh1 Re8 29. Kg2 a6 30. Qe4 b5 31. axb5 axb5 32. Nb6+ Kb7 33. Nd5 Rd8 34. Nf6 Kb6 35. g6 Rg8 36.
Nxg8 Qxg8 37. Rf6 Qc8 38. Qxc6+ Qxc6+ 39. Rxc6+ Kxc6 40. g7 e4 41. g8=Q exd3 42. cxd3 b4 43. Qc4+ 1-0

[Event "Late-Titled-Tuesday-Blitz-September-12-2023"]
[Site "Chess.com"]
[Date "2023.09.12"]
[Round "8"]
[White "Vadim_Biliy"]
[Black "younix2022"]
[Result "0-1"]
[WhiteElo "2203"]
[BlackElo "2068"]
[TimeControl "180+1"]
[EndTime "15:23:59 PDT"]
[Termination "younix2022 won on time"]

1. d4 Nf6 2. Nf3 g6 3. e3 Bg7 4.
Be2 O-O 5. O-O b6 6. b4 Bb7 7.
c3 d6 8. Nbd2 Nbd7 9. Rb1 a6 10.
Bd3 c5 11. bxc5 dxc5 12. Qe2 cxd4 13. cxd4 b5 14. Ba3 Re8 15. Nb3 Nd5 16. Rfc1 Rc8 17.
Nc5 Nxc5 18. Bxc5 e6 19. a4 b4 20. Bxa6 Nc3 21. Qd3 Bxa6 22. Qxa6 Nxb1 23. Rxb1 Ra8 24.
Qb5 Rb8 25. Qc4 Qd5 26. Nd2 Rec8 27. a5 Bf8 28. Qxd5 exd5 29. Nb3 Ra8 30. Bb6 Rc2 31. g3 Ra2 32. Nc5 R8xa5 33. Bxa5 Rxa5 34. Rxb4 Bxc5 35. dxc5 Rxc5 36. Kg2 Rc4 37. Rb8+ Kg7 38. Rd8 Rc5 39.
Rd6 Kf8 40. g4 Ke7 41. Ra6 Kd7 42. Rf6 Ke7 43. Ra6 Kd7 44. h4 Rc6 45. Ra7+ Ke6 46. Kf3 Kf6 47. Kf4 Rc4+ 48. Kg3 h5 49. g5+ Ke6 50. Ra6+ Ke7 51. Ra7+ Ke6 52. Ra6+ Ke5 53. f4+ Ke4 54. Rf6 Rc3 0-1

[Event "Late-Titled-Tuesday-Blitz-September-12-2023"]
[Site "Chess.com"]
[Date "2023.09.12"]
[Round "8"]
[White "EnvigadoCity"]
[Black "Quattroporte300"]
[Result "1-0"]
[WhiteElo "2215"]
[BlackElo "2394"]
[TimeControl "180+1"]
[EndTime "15:24:00 PDT"]
[Termination "EnvigadoCity won by resignation"]

1. d4 d5 2. c4 dxc4 3. e4 e5 4. Bxc4 exd4 5. Nf3 Nc6 6. Ng5 Bb4+ 7. Kf1 Nh6 8. a3 Be7 9. f4 O-O 10. h4 Ng4 11. Qb3 Qe8 12. Qg3 Bxg5 13. hxg5 Qxe4 14. Bd3 Ne3+ 15. Qxe3 dxe3 16. Bxe4 g6 17. Bxe3 Re8 18.
Nc3 Bf5 19. Bxf5 gxf5 20. Nd5 Re6 21. Bd2 h6 22. Bc3 a5 23. gxh6 Kh7 24. Nf6+ Kg6 25.
Nd5 Re4 26. h7 Nd4 27. Bxd4 Rxd4 28. h8=Q Rxh8 29. Rxh8 Rxd5 30. Re1 Rd4 31. g3 Rd2 32. Re2 Rd3 33. Kf2 Kg7 34. Rc8 c6 35. Rc7 Rb3 36.
Kg2 Kf6 37. Kh3 a4 38. Ree7 Rxb2 39. Rxf7+ Ke6 40. Rfe7+ Kd6 41. Rxb7 Ra2 42. Ra7 Rxa3 43. Re5 Ra1 44. Rxf5 c5 45. Rf6+ Kd5 46. Rfa6 c4 47. Rxa4 Rh1+ 48. Kg2 Rb1 49. Rc7 Kd4 50. Rcxc4+ Ke3 51. Rcb4 Rd1 52. Ra3+ Kd2 53. Rb2+ Kc1 54. Ra1+ Kxb2 55.
Rxd1 1-0

[Event "Late-Titled-Tuesday-Blitz-September-12-2023"]
[Site "Chess.com"]
[Date "2023.09.12"]
[Round "8"]
[White "jcibarra"]
[Black "FairChess_on_YouTube"]
[Result "0-1"]
[WhiteElo "2942"]
[BlackElo "3068"]
[TimeControl "180+1"]
[EndTime "15:24:02 PDT"]
[Termination "FairChess_on_YouTube won by resignation"]

1. e4 e5 2. Nf3 Nc6 3. Nc3 Nf6 4.
h3 d5 5. exd5 Nxd5 6. Bb5 Nxc3 7.
bxc3 Bd6 8. O-O O-O 9. d4 Bd7 10. Rb1 exd4 11. cxd4 b6 12. Bg5 Be7 13. Bf4 Na5 14.
Bd3 Be6 15. a4 Bd6 16. Bg5 Qd7 17. Bb5 c6 18. Bd3 Bf5 19. Re1 Rfe8 20. Qd2 h6 21. Be3 Re7 22. Bf1 Rae8 23. Rbd1 Be4 24. Ne5 Bxe5 25.
dxe5 Qxd2 26. Bxd2 Bxc2 27. Rc1 Bxa4 28. Bxa5 bxa5 29.
Ra1 Bb5 30. Rxa5 Rxe5 31. Rxe5 Rxe5 32. Bxb5 cxb5 33. Rxa7 Re1+ 34. Kh2 g5 35. Rb7 Rb1 36.
Kg3 Kg7 37. h4 Kg6 38. Rb6+ f6 39. hxg5 hxg5 40. f4 Kf5 41. fxg5 Kxg5 42. Kf3 Kf5 43.
Rb8 Rb3+ 44. Kf2 Kf4 45. g3+ Ke4 46. Re8+ Kf5 47. Rc8 b4 48. Rb8 Ke4 49. Kg2 Rb2+ 50. Kh3 Rb1 51. Rb6 b3 52. Kg4 b2 53. Re6+ Kd5 54.
Rb6 f5+ 55. Kg5 f4 56. Rb5+ Kc6 57. Rxb2 Rxb2 58. Kxf4 Kd7 0-1

[Event "Late-Titled-Tuesday-Blitz-September-12-2023"]
[Site "Chess.com"]
[Date "2023.09.12"]
[Round "8"]
[White "vladislavkovalev"]
[Black "DanielNaroditsky"]
[Result "1/2-1/2"]
[WhiteElo "2909"]
[BlackElo "3074"]
[TimeControl "180+1"]
[EndTime "15:24:03 PDT"]
[Termination "Game drawn by repetition"]

1. e4 c5 2. Nf3 d6 3. Bb5+ Nd7 4. O-O a6 5. Bd3 Ngf6 6. c3 b5 7. a4 c4 8. Be2 Bb7 9. axb5 axb5 10. Rxa8 Bxa8 11. Na3 Bxe4 12. Nxb5 d5 13. d3 cxd3 14. Bxd3 Bxd3 15. Qxd3 e5 16. Re1 e4 17. Nfd4 Bc5 18. Qg3 O-O 19. Nf5 g6 20. Nbd4 Kh8 21. Bh6 Rg8 22. Ne3 Qb8 23. Bf4 Qxb2 24. Be5 Re8 25. Ng4 Rxe5 26. Nxe5 Bxd4 27. cxd4 Kg7 28. Nxd7 Nxd7 29.
Qd6 Nf6 30. Qe5 h5 31. h3 Qd2 32. Ra1 g5 33. Ra6 Qe1+ 34. Kh2 Qxf2 35. Rd6 Qf4+ 36. Qxf4 gxf4 37. Kg1 Kg6 38. Kf2 Kf5 39. Ke2 h4 40. Kf2 Kg5 41. Ke2 Kf5 42. Kf2 e3+ 43. Kf3 Kg5 44. Ke2 Kf5 45. Kf3 Kg5 46. Ke2 Kg6 47. Kf3 Kf5 48. Rd8 Kg5 49. Rd6 Kf5 50. Ke2 Kg5 51. Kf3 Kf5 1/2-1/2

[Event "Late-Titled-Tuesday-Blitz-September-12-2023"]
[Site "Chess.com"]
[Date "2023.09.12"]
[Round "8"]
[White "malakismayil"]
[Black "ChessSwole"]
[Result "0-1"]
[WhiteElo "2511"]
[BlackElo "2701"]
[TimeControl "180+1"]
[EndTime "15:24:04 PDT"]
[Termination "ChessSwole won by resignation"]

1. e4 e5 2. Nf3 Nc6 3. Bc4 Bc5 4. Nc3 Nf6 5. d3 a6 6. h3 d6 7. Be3 Bxe3 8. fxe3 Be6 9. Bb3 Qe7 10. Qd2 O-O-O 11. O-O-O d5 12. exd5 Nxd5 13. Nxd5 Bxd5 14. Bxd5 Rxd5 15.
e4 Rd6 16. Rhf1 f6 17. Kb1 Rhd8 18. Nh4 Qe6 19. Nf5 R6d7 20. a3 Kb8 21. g4 g6 22.
Ne3 Nd4 23. Qf2 Rf7 24. Qh4 Rdf8 25. Rf2 f5 26. gxf5 gxf5 27. exf5 Nxf5 28. Nxf5 Rxf5 29.
Rxf5 Qxf5 30. Re1 b6 31. Qe7 Rg8 32. h4 Qf2 33. Qxe5 Qxh4 34. Qe6 Qg5 35. Re5 Qg1+ 36. Ka2 Qg2 37. Re2 Qg3 38. Re3 Qg2 39. Re2 Qg7 40.
Qc4 a5 41. Qh4 Qf7+ 42. b3 h5 43. Re7 Qd5 44. Qf4 Qc5 45. Qc4 Qxe7 46. Qxg8+ Ka7 47. Qh8 h4 48. a4 Qc5 49. Qxh4 Qxc2+ 50. Ka3 Qc1+ 51.
Ka2 Qc2+ 52. Ka3 Qxd3 53. Qf4 Qd6+ 54. Qxd6 cxd6 55. Kb2 Kb7 56. Kc3 Kc6 57. Kd4 d5 58. Kd3 Kc5 59. Kc3 d4+ 60. Kc2 Kb4 61. Kd3 Kxb3 0-1

[Event "Late-Titled-Tuesday-Blitz-September-12-2023"]
[Site "Chess.com"]
[Date "2023.09.12"]
[Round "8"]
[White "Zkid"]
[Black "LevonAronian"]
[Result "1-0"]
[WhiteElo "2938"]
[BlackElo "3053"]
[TimeControl "180+1"]
[EndTime "15:24:06 PDT"]
[Termination "Zkid won by resignation"]

1. e4 c5 2. Nf3 e6 3. d4 cxd4 4. Nxd4 Nc6 5. Nc3 Qc7 6. Be3 a6 7. Qd2 Nf6 8. f3 b5 9. O-O-O Bb7 10. g4 h6 11. Kb1 Ne5 12. Bf4 Rc8 13. h4 Nc4 14. Bxc4 Qxc4 15. g5 hxg5 16. hxg5 Rxh1 17. Rxh1 Ng8 18. Rh8 Ne7 19. Bd6 Qf1+ 20. Qc1 Qf2 21. Qd1 Rc4 22. Nb3 b4 23. Na4 Bxe4 24. fxe4 Rxe4 25.
Rh1 Rh4 26. Rf1 Qg2 27. Nac5 Nd5 28. Bxf8 Kxf8 29. Nxd7+ Kg8 30. Rg1 Qf2 31. g6 fxg6 32.
Qe1 Qxe1+ 33. Rxe1 g5 34. Rg1 g4 35. Ne5 Nf6 36.
Kc1 Rh5 37. Nxg4 Nd5 38. Nf2 Kf7 39. Nd4 e5 40. Nf3 Rf5 41. Ne4 Kg8 42. Nfg5 Nf6 43. Rd1 Nxe4 44. Rd8+ Rf8 45. Rxf8+ Kxf8 46. Nxe4 Ke7 47.
Kd2 Ke6 48. Ke3 Kd5 49. Ng3 g6 50. Ne2 g5 51. Ng3 g4 52. Nf5 a5 53. b3 a4 54.
bxa4 Kc5 55. Ke4 Kb6 56. Ne3 Ka5 57. Nxg4 Kxa4 58. Nxe5 Ka3 59. Nd3 Kxa2 60. Nxb4+ Ka3 61. Nd3 1-0

[Event "Late-Titled-Tuesday-Blitz-September-12-2023"]
[Site "Chess.com"]
[Date "2023.09.12"]
[Round "8"]
[White "Langua_Chess"]
[Black "Harald_Schmidt"]
[Result "1-0"]
[WhiteElo "2489"]
[BlackElo "2289"]
[TimeControl "180+1"]
[EndTime "15:24:06 PDT"]
[Termination "Langua_Chess won on time"]

1. d4 Nf6 2. c4 e6 3. f3 d5 4. Nc3 Be7 5. e4 dxe4 6. fxe4 e5 7. d5 O-O 8. Nf3 Bb4 9. Bg5 Nbd7 10. Bd3 c6 11. O-O h6 12. Bh4 g5 13. Bg3 Qe7 14.
Kh1 Nh5 15. Bxe5 Nxe5 16. Nxe5 Ng3+ 17. hxg3 Qxe5 18. Qf3 Kg7 19. Ne2 h5 20. a3 Bc5 21.
b4 Bg4 22. bxc5 Bxf3 23. gxf3 b6 24. cxb6 axb6 25. Kg2 b5 26. dxc6 bxc4 27. Bxc4 Qc5 28. Bd5 Rxa3 29. Rxa3 Qxa3 30. Rc1 Qe3 31. Rc2 Qd3 32.
Ra2 g4 33. f4 h4 34. gxh4 Qf3+ 35. Kg1 g3 36. Nxg3 Qxg3+ 37. Rg2 Qxg2+ 38. Kxg2 Kf6 39. Kg3 Ke7 40. Kg4 Kd6 41. Kf5 Rh8 42. Kg5 Rg8+ 43. Kf6 Rh8 44. Kxf7 Rxh4 45. f5 Rh7+ 46. Kg6 Rh1 47.
f6 Rg1+ 48. Kf7 Ke5 49. Ke7 1-0

[Event "Late-Titled-Tuesday-Blitz-September-12-2023"]
[Site "Chess.com"]
[Date "2023.09.12"]
[Round "8"]
[White "jup1978"]
[Black "laskakid"]
[Result "1-0"]
[WhiteElo "2483"]
[BlackElo "2255"]
[TimeControl "180+1"]
[EndTime "15:24:07 PDT"]
[Termination "jup1978 won on time"]

1. d4 d5 2. c4 c6 3. Nf3 Nf6 4. cxd5 cxd5 5. Nc3 Nc6 6. Bf4 Bf5 7. Qb3 Na5 8. Qa4+ Bd7 9. Qc2 e6 10. e3 Rc8 11. Bd3 b5 12. a3 Be7 13. O-O O-O 14. Rfc1 Nc4 15. Ne5 h6 16. Qe2 Qb6 17. g4 Rfd8 18. h4 Nd6 19. g5 hxg5 20. hxg5 Nfe4 21.
g6 fxg6 22. Nxg6 Bf6 23. Qh5 Nxc3 24. bxc3 Ne4 25. Kg2 Rxc3 26. Rxc3 Nxc3 27. Ne5 Be8 28. Qh7+ Kf8 29. Ng6+ Kf7 30. Rc1 b4 31. axb4 Qxb4 32. Nh8+ Ke7 33. Bg5 Kd6 34. Bxf6 gxf6 35. Qh2+ e5 36.
dxe5+ fxe5 37. Qh6+ Kc5 38. Qf6 Bc6 39. Qxd8 Qb2 40.
Qe7+ Kb6 41. Qd8+ Kc5 42. Rc2 d4+ 43. f3 Qb1 44. Qe7+ Kb6 45. Qd8+ Kc5 46. Qa5+ Kd6 47. exd4 Bxf3+ 48. Kxf3 Qh1+ 49. Kg4 Qg1+ 50. Kf5 1-0

[Event "Late-Titled-Tuesday-Blitz-September-12-2023"]
[Site "Chess.com"]
[Date "2023.09.12"]
[Round "8"]
[White "arminmusovic"]
[Black "emeli_chess"]
[Result "1-0"]
[WhiteElo "2534"]
[BlackElo "2372"]
[TimeControl "180+1"]
[EndTime "15:24:08 PDT"]
[Termination "arminmusovic won on time"]

1. a3 d5 2. Nc3 d4 3. Ne4 f5 4.
Ng3 Nc6 5. e4 dxe3 6. fxe3 Nf6 7. Bc4 e5 8. N1e2 Bd6 9. O-O g6 10.
d3 h5 11. e4 f4 12. Nxf4 exf4 13. Bxf4 Bg4 14. Qd2 Bxf4 15. Qxf4 Qd4+ 16. Kh1 Rf8 17.
Bb5 O-O-O 18. Bxc6 bxc6 19. Qg5 Qxb2 20. Rab1 Qxc2 21.
Qa5 h4 22. Qa6+ Kd7 23. Rfc1 Qa2 24. Qxc6+ Ke7 25. e5 Nd5 26. Ne4 Be6 27. Qc5+ Kf7 28. Ng5+ Kg8 29. Nxe6 Nf4 30. Nxf4 Rxf4 31. Qxc7 Rdf8 32.
h3 Rf2 33. Qc4+ Qxc4 34. Rxc4 Re2 35. Rxh4 Rff2 36. Rg4 Rxe5 37. Rxg6+ Kf7 38. Rg4 Ree2 39. Rb7+ Kf6 40. Rxa7 Rd2 41. Ra6+ Kf5 42. Ra5+ Kf6 43. d4 Rf1+ 44. Kh2 Rfd1 45. a4 Rxd4 46. Rxd4 Rxd4 47. Ra6+ Kf5 48. Ra8 Rd3 49. a5 Ra3 50. h4 Kg4 51. a6 Ra2 52. a7 Kxh4 53. Rh8+ Kg4 54. Rg8+ Kh4 55. a8=Q Rxg2+ 56. Qxg2 1-0

[Event "Late-Titled-Tuesday-Blitz-September-12-2023"]
[Site "Chess.com"]
[Date "2023.09.12"]
[Round "8"]
[White "MajorCoast"]
[Black "Eloist"]
[Result "0-1"]
[WhiteElo "2291"]
[BlackElo "2497"]
[TimeControl "180+1"]
[EndTime "15:24:14 PDT"]
[Termination "Eloist won on time"]

1. d4 e6 2. Nf3 Nf6 3. Bf4 b6 4. e3 Bb7 5. a4 c5 6. Nbd2 Be7 7. Bd3 Nh5 8. Bg3 Nc6 9. c3 g6 10. Ne4 Nxg3 11. hxg3 d5 12. Ned2 O-O 13.
Ne5 Nxe5 14. dxe5 d4 15. exd4 cxd4 16. c4 Bxg2 17. Rh2 Bc6 18. g4 Bg5 19. Nf3 Bf4 20. Rh3 Bxf3 21. Qxf3 Qg5 22. Ke2 Qxe5+ 23. Kd1 f5 24. gxf5 exf5 25. Kc2 Bg5 26. Rah1 h6 27.
Qg2 Kg7 28. Qb7+ Qe7 29. Qxe7+ Bxe7 30. Rxh6 Rh8 31. Rxh8 Rxh8 32. Rxh8 Kxh8 33. Kd1 Kg7 34. Ke2 Kf6 35. Kf3 Ke5 36. b3 g5 37. Bc2 Bf8 38. Bd3 g4+ 39. Ke2 Bb4 40. Bc2 Kf4 41. Bd3 a5 42. Bc2 Kg5 43. Bd3 f4 44. Bc2 Kh4 45.
Kf1 g3 46. fxg3+ Kxg3 47. Be4 f3 48. Bd5 Bd2 49. Be4 Kf4 50. Bc2 Ke3 51. Bg6 d3 52.
Bf5 Bb4 53. Bg6 Kd2 54. Bf5 Bc5 55. Be4 f2 56. Bf5 Kc3 57. Be4 d2 58. Bf3 Kxb3 59.
Bd1+ Kxc4 60. Bc2 b5 61. axb5 Kxb5 62. Bd1 a4 63. Bc2 Kb4 0-1